 Dungeon Crawl Stone Soup version 0.32-a0-18-g89e19f1974 (webtiles) character file.

Game seed: 9489033561256395983

42 mopl the Trooper (level 3, -1/30 HPs)
             Began as a Merfolk Fighter on Jan 16, 2024.
             Was a Follower of Dithmenos.
             Slain by a gnoll
             ... wielding a +0 spear
              (5 damage)
             ... on level 2 of the Dungeon.
             The game lasted 00:01:24 (908 turns).

mopl the Trooper (Merfolk Fighter)                   Turns: 908, Time: 00:01:24

Health: -1/30      AC:  6    Str: 18    XL:     3   Next: 56%
Magic:  3/3        EV:  9    Int:  7    God:    Dithmenos [*.....]
Gold:   61         SH:  4    Dex: 13    Spells: 2/2 levels left

rFire   . . .        a - +0 long sword
rCold   . . .        c - +0 buckler
rNeg    . . .        b - +0 scale mail
rPois   .            (no helmet)
rElec   .            (no cloak)
rCorr   .            (no gloves)
SInv    .            (no boots)
Will    .....        (no amulet) Stlth
                     (no ring)
HPRegen 0.25/turn    (no ring)
MPRegen 0.08/turn

%: no passive effects
@: wreathed by umbra
A: (nimble swimmer 2), mertail
a: Renounce Religion


You were on level 2 of the Dungeon.
You worshipped Dithmenos.
Dithmenos was aware of your devotion.
You visited 1 branch of the dungeon, and saw 2 of its levels.

You collected 61 gold pieces.

Inventory:

Hand Weapons
 a - a +0 long sword (weapon)
Armour
 b - a +0 scale mail (worn)
 c - a +0 buckler (worn)
Scrolls
 e - a scroll of poison {unknown}
 f - a scroll of enchant weapon {unknown}
 g - a scroll of immolation {unknown}
 h - a scroll of fear {unknown}
 i - a scroll of teleportation {unknown}
 j - a scroll of fog {unknown}
 k - a scroll of identify {unknown}
Potions
 d - 2 potions of might


   Skills:
 + Level 3.6 Fighting
 * Level 3.5 Long Blades
 + Level 2.4 Armour
 + Level 1.6 Dodging
 - Level 3.0 Shields


You had 2 spell levels left.
You didn't know any spells.
Your spell library contained the following spells:

 Spells                   Type           Power      Damage    Failure   Level
 Necrotise                Necr           0%         1d4       88%         1
 Sting                    Conj/Alch      0%         1d3       88%         1
 Mercury Vapours          Alch/Air       0%         N/A       96%         2
 Vampiric Draining        Necr           0%         2d6       99%         3
 Martyr's Knell           Necr/Summ      0%         N/A       100%        4
 Olgreb's Toxic Radiance  Alch           0%         N/A       100%        4
 Curse of Agony           Necr           0%         N/A       100%        5


Dungeon Overview and Level Annotations

Branches:
Dungeon (2/15)

Altars:
Dithmenos


Innate Abilities, Weirdness & Mutations

((You are very nimble when in or above water. (Stealth+, EV+, Speed+++)))
Your lower body shifts to a powerful aquatic tail in water.


Message History

You hit the hobgoblin.
The hobgoblin is severely wounded.
The gnoll hits the plant with a +0 halberd!
The hobgoblin closely misses you.
The gnoll hits the plant with a +0 spear!
The gnoll hits the plant with a +0 halberd!
The gnoll hits the plant with a +0 spear.
The plant begins to die.
The endoplasm hits something.
The hobgoblin barely misses you.
You hit the hobgoblin but do no damage.
The hobgoblin is severely wounded.
A nearby plant withers and dies. x2
The hobgoblin hits you but does no damage.
The gnoll hits the plant with a +0 spear!
You hit the hobgoblin but do no damage.
The hobgoblin is severely wounded.
You block the hobgoblin's attack.
The gnoll hits the plant with a +0 spear.
You hit the hobgoblin.
You kill the hobgoblin!
Dithmenos accepts your kill.
A nearby plant withers and dies.
The gnoll hits you with a +0 halberd! The gnoll barely misses you.
You hit the gnoll.
The gnoll is moderately wounded.
A ball python comes into view.
The gnoll closely misses you. The gnoll hits you with a +0 flail!
* * * LOW HITPOINT WARNING * * *
You block the gnoll's attack. The endoplasm freezes you.
You are frozen.
* * * LOW HITPOINT WARNING * * *
The gnoll hits you but does no damage. You block the gnoll's attack.
The gnoll hits you but does no damage.
The ball python hisses angrily.
You hit the gnoll.
The gnoll is severely wounded.
The gnoll barely misses you. x2
The gnoll hits you from afar with a +0 spear.
You die... ......#.#....
P.PP

#......#.##### .P.P
#..####.####### .....
####.# #.##...P# P....
..##.# ##+##.....
..[...#.##.####...'.....
....Pg#S##........#.PPP.
PPPP..gg##........#....#
......J@##........######
#####.#..†..)..#+##
......>....#..#
.....#.#?#.#..#
#.....#.#.#.#..# +....
#.#.#.#..# #####
#..<.....# ....#.#.##
....+!#.#


You could see 3 gnolls, an endoplasm and a ball python.

Vanquished Creatures
  2 dart slugs (D:1)
  4 ball pythons
  4 endoplasms (D:1)
  8 goblins
  2 hobgoblins
  4 kobolds (D:1)
  A quokka (D:1)
  4 bats (D:1)
  2 frilled lizards
  A rat (D:1)
32 creatures vanquished.

Notes
Turn   | Place    | Note
-------+----------+-------------------------------------------
     0 | D:1      | mopl the Merfolk Fighter began the quest for the Orb.
     0 | D:1      | Reached XP level 1. HP: 18/18 MP: 1/1
   136 | D:1      | Reached XP level 2. HP: 24/24 MP: 2/2
   259 | D:1      | Reached skill level 1 in Dodging
   294 | D:1      | Reached skill level 3 in Long Blades
   375 | D:1      | Reached XP level 3. HP: 29/29 MP: 3/3
   855 | D:2      | Found a faded altar of an unknown god.
   875 | D:2      | Prayed at the altar of an unknown god.
   875 | D:2      | Became a worshipper of Dithmenos the Shadowed
   875 | D:2      | Reached * piety under Dithmenos
   908 | D:2      | Slain by a gnoll

Illustrated notes

Levels and vault maps discovered:
D:1:      sevenhm_arrival_forest_fort_small_4, layout_loops_cross
D:2:      layout_basic, shapermc_ecumenical_altar_flowoftime,
          nicolae_grassy_gnolls

Skill      XL: |  1  2 |
---------------+-------+-----
Dodging        | 1 |  1.6
Long Blades    | 3 |  3.5
Fighting       | |  3.6
Armour         | |  2.4
Shields        | |  3.0

Action                     || total
---------------------------++-------
  Melee: Long sword        ||    80
 Armour: Scale mail        ||    54
  Dodge: Dodged            ||    23
  Block: Buckler           ||    11

Table legend: (Time is in decaauts)
 A = Elapsed time spent in this place.
 B = Non-inter-level travel time spent in this place.
 C = Inter-level travel time spent in this place.
 D = Time resting spent in this place.
 E = Time spent auto-exploring this place.
 F = Levels seen in this place.
 G = Mean time per level.
                   A        B        C        D        E       F      G
               +--------+--------+--------+--------+--------+-----+--------+
         Total |    920 |    892 |     28 |     50 |    628 |   2 |  460.0 |
       Dungeon |    920 |    892 |     28 |     50 |    628 |   2 |  460.0 |
               +--------+--------+--------+--------+--------+-----+--------+

Top non-repeatable levels by time:
     D:1: 714 daAuts
     D:2: 205 daAuts
